 Dungeon Crawl Stone Soup version 0.30-a0-800-g7c544603b3 (webtiles) character file.

Game seed: 15339442031973675216

173 dialectric the Ducker (level 5, -1/39 HPs)
             Began as a Demonspawn Gladiator on Feb 22, 2023.
             Slain by a gnoll
             ... wielding a +0 spear
             ... led by a gnoll bouda
              (4 damage)
             ... on level 4 of the Dungeon.
             The game lasted 00:03:52 (2600 turns).

dialectric the Ducker (Demonspawn Gladiator)        Turns: 2600, Time: 00:03:53

Health: -1/39      AC:  5    Str: 16    XL:     5   Next: 28%
Magic:  5/5        EV: 13    Int:  9    God:
Gold:   135        SH:  0    Dex: 15    Spells: 1/4 levels left

rFire   . . .      SeeInvis .    o - +0 morningstar (freeze)
rCold   . . .      Faith    .    (no shield)
rNeg    . . .      Spirit   .    b - +0 leather armour
rPois   .          Reflect  .    c - +0 helmet
rElec   .          Harm     .    (no cloak)
rCorr   .          Rampage  .    (no gloves)
Will    .....                    (no boots)
Stlth   +                        (no amulet)
HPRegen 0.26/turn                (no ring)
MPRegen 0.09/turn                (no ring)

@: no status effects
A: ignite blood 1, sharp scales 1, weakness stinger 1
a: no special abilities


You were on level 4 of the Dungeon.
You visited 1 branch of the dungeon, and saw 4 of its levels.

You collected 135 gold pieces.

Inventory:

Hand Weapons
 a - a +0 long sword
 o - a +0 morningstar of freezing (weapon)
Missiles
 d - 2 throwing nets (quivered)
 e - a javelin
Armour
 b - a +0 leather armour (worn)
 c - a +0 helmet (worn)
Jewellery
 l - an amulet of faith
 s - a ring of magical power
Wands
 r - a wand of paralysis (10)
Scrolls
 h - a scroll of teleportation {unknown}
 i - a scroll of immolation {unknown}
 j - a scroll of blinking {unknown}
 k - 2 scrolls of noise {unknown}
 m - a scroll of poison {unknown}
 p - a scroll of enchant weapon {unknown}
 q - a scroll of identify {unknown}
 u - a scroll of fog {unknown}
Potions
 g - a potion of attraction {unknown}
 n - a potion of curing
 t - a potion of invisibility {unknown}


   Skills:
 + Level 2.6 Fighting
 - Level 3.4 Long Blades
 * Level 1.1 Maces & Flails
 - Level 2.0 Throwing
 + Level 1.6 Armour
 * Level 3.8 Dodging
 + Level 0.3 Stealth


You had one spell level left.
You knew the following spells:

 Your Spells              Type           Power      Damage    Failure   Level
a - Inner Flame           Hex/Fire       0%         N/A       83%         3

Your spell library contained the following spells:

 Spells                   Type           Power      Damage    Failure   Level
 Apportation              Tloc           0%         N/A       45%         1
 Hailstorm                Conj/Ice       0%         3d3       83%         3
 Flame Wave               Conj/Fire      0%         2d4       99%         4
 Ice Form                 Ice/Tmut       0%         N/A       99%         4
 Passage of Golubria      Tloc           0%         N/A       99%         4
 Sticky Flame             Conj/Fire      0%         2d3       99%         4
 Alistair's Intoxication  Tmut/Pois      0%         N/A       100%        5
 Silence                  Hex/Air        0%         N/A       100%        5
 Simulacrum               Ice/Necr       0%         N/A       100%        6
 Lehudib's Crystal Spear  Conj/Erth      0%         10d2      100%        8


Dungeon Overview and Level Annotations

Branches:
Dungeon (4/15)
 Temple: D:4-7

Altars:
Fedhas
Kikubaaqudgha
Makhleb
Uskayaw

Annotations:
D:3 1 runed translucent door, dialectric's ghost, amateur GrFi


Innate Abilities, Weirdness & Mutations

Your demonic aura sometimes causes spilled blood to erupt in flames.
You are partially covered in razor-sharp scales. (AC +1, Slay +1)
You have a small tail.


Message History

The gnoll misses you.
The gnoll hits you from afar with a +0 spear.
You are too injured to fight recklessly!
The gnoll attacks as you move away! The gnoll hits you with a +0 spear.
The gnoll hits you from afar with a +0 spear.
* * * LOW HITPOINT WARNING * * *
A gnoll bouda comes into view. It is wielding a +0 whip.
The gnoll bouda shouts!
A gnoll comes into view.
It is wielding a +0 whip of electrocution.
You feel better. The gnoll barely misses you.
The gnoll bouda barely misses you.
As you read the scroll labelled DIJYCI OMMOAGG, it crumbles to dust.
It is a scroll of amnesia.
Really abort (and waste the scroll)? [Y]es or [N]o only, please.
Really abort (and waste the scroll)? [Y]es or [N]o only, please.
Really abort (and waste the scroll)? [Y]es or [N]o only, please.
Really abort (and waste the scroll)? [Y]es or [N]o only, please.
Really abort (and waste the scroll)?
Okay, then.
The gnoll shouts!
The gnoll bouda barely misses you.
The gnoll hits you from afar with a +0 spear.
* * * LOW HITPOINT WARNING * * *
Throw: 3 throwing nets
Press: ? - help, Q - select action, (/) - cycle Shift-Dir - straight line, f - gnoll
Aim: a gnoll, wielding a +0 spear (heavily wounded, 65% to hit)
You throw a throwing net. The throwing net hits the gnoll.
The gnoll is caught in the net!
The gnoll is heavily wounded.
The gnoll struggles against the net.
The gnoll bouda barely misses you.
Unknown command.
The gnoll bouda attacks as you move away!
The gnoll bouda hits you with a +0 whip!
* * * LOW HITPOINT WARNING * * *
The gnoll hits you from afar with a +0 spear.
You die...

#.#........# #####[#.###.##.#
#........<#.##.# #.###.###.#.##.#
###.#.......#....#########
###....)......).............
######...#...............###.....
....>..#################.###.####
..............#.@.gg# #..........
.......######.#g###.# ######.###.
....†..#.......g# # #...#.# #.
.......#.#......# #...#.###.
.......#......#..g..# #...#)#...
.......#.###############...#)#.#.
.................................
......##.###################.#...
####..<#.# #.####


You could see a gnoll bouda and 3 gnolls.

Vanquished Creatures
  A gnoll (D:1)
  6 adders
  7 dart slugs
  9 orcs
  4 ball pythons
  4 endoplasms
  2 giant cockroaches (D:1)
  13 goblins
  4 hobgoblins
  4 jackals
  4 quokkas
  10 bats
  6 frilled lizards
  6 kobolds
  3 rats
83 creatures vanquished.

Notes
Turn   | Place    | Note
-------+----------+-------------------------------------------
     0 | D:1      | dialectric the Demonspawn Gladiator began the quest for the
                  | Orb.
     0 | D:1      | Reached XP level 1. HP: 16/16 MP: 1/1
   232 | D:1      | Gained mutation: Your demonic aura sometimes causes spilled
                  | blood to erupt in flames. [demonic ancestry]
   232 | D:1      | Reached XP level 2. HP: 18/22 MP: 2/2
   560 | D:1      | Reached XP level 3. HP: 27/27 MP: 3/3
  1112 | D:2      | Gained mutation: You are partially covered in razor-sharp
                  | scales. (AC +1, Slay +1) [demonic ancestry]
  1112 | D:2      | Reached XP level 4. HP: 31/34 MP: 4/4
  1122 | D:2      | Reached skill level 1 in Armour
  1472 | D:3      | Found a hide-covered altar of Uskayaw.
  1544 | D:3      | Found a runed translucent door.
  1547 | D:3      | Noticed dialectric's ghost (amateur GrFi)
  1755 | D:3      | Found a faded altar of an unknown god.
  1796 | D:3      | Gained mutation: You have a small tail. [demonic ancestry]
  1796 | D:3      | Reached XP level 5. HP: 38/39 MP: 5/5
  2248 | D:4      | Reached skill level 1 in Maces & Flails
  2345 | D:4      | Learned a level 3 spell: Inner Flame
  2485 | D:4      | Found an ancient bone altar of Kikubaaqudgha.
  2491 | D:4      | Found a burning altar of Makhleb.
  2495 | D:4      | Found a blossoming altar of Fedhas.
  2600 | D:4      | Slain by a gnoll

Illustrated notes

Levels and vault maps discovered:
D:1:      nagdon_arrival_zigzag_paths, layout_basic
D:2:      layout_rooms
D:3:      layout_loops_cross, mainiacjoe_overflow_alcove_2,
          shapermc_ecumenical_altar_mp_highgroup, ebering_ghost_sewer_d
D:4:      layout_basic, minmay_overflow_temple_star_quad, old_standard_altar,
          uniq_menkaure

Skill      XL: |  1  2  3  4  5 |
---------------+----------------+-----
Long Blades    | 3 |  3.4
Throwing       | 2 |  2.0
Dodging        | 3 |  3.8
Armour         | 1 |  1.6
Maces & Flails | 1 |  1.1
Fighting       | |  2.6
Stealth        | |  0.3

Action                     |  1- 3 |  4- 6 || total
---------------------------+-------+-------++-------
  Melee: Long sword        |   114 |    44 ||   158
         Punch             |     1 |       ||     1
         Morningstar       |       |    48 ||    48
         Tailslap          |       |     5 ||     5
  Throw: Throwing net      |       |     1 ||     1
    Use: Potion            |     2 |     1 ||     3
         Scroll            |       |     1 ||     1
   Stab: Sleeping          |     1 |     2 ||     3
 Armour: Leather armour    |    67 |    29 ||    96
  Dodge: Dodged            |   115 |    74 ||   189

Table legend: (Time is in decaauts)
 A = Elapsed time spent in this place.
 B = Non-inter-level travel time spent in this place.
 C = Inter-level travel time spent in this place.
 D = Time resting spent in this place.
 E = Time spent auto-exploring this place.
 F = Levels seen in this place.
 G = Mean time per level.
                   A        B        C        D        E       F      G
               +--------+--------+--------+--------+--------+-----+--------+
         Total |   2663 |   2611 |     52 |    249 |   1729 |   4 |  665.8 |
       Dungeon |   2663 |   2611 |     52 |    249 |   1729 |   4 |  665.8 |
               +--------+--------+--------+--------+--------+-----+--------+

Top non-repeatable levels by time:
     D:1: 960 daAuts
     D:3: 774 daAuts
     D:2: 529 daAuts
     D:4: 398 daAuts
